 Dungeon Crawl Stone Soup version 0.31-a0-496-g6f97920a28 (webtiles) character file.

Game seed: 11800367732787085226

4479 Newt the Mimic (level 10, -2/74 HPs)
             Began as a Merfolk Shapeshifter on Aug 8, 2023.
             Was a Follower of Okawaru.
             Slain by a killer bee (7 damage)
             ... on level 9 of the Dungeon.
             The game lasted 00:08:43 (8418 turns).

Newt the Mimic (Merfolk Shapeshifter)               Turns: 8418, Time: 00:08:44

Health: -2/74      AC:  5    Str: 19    XL:     10   Next: 38%
Magic:  10/10      EV: 20    Int:  8    God:    Okawaru [*.....]
Gold:   441        SH:  0    Dex: 15    Spells: 9/9 levels left

rFire   + + .        e - melded +0 war axe (drain)
rCold   . . .        (shield currently unavailable)
rNeg    . . .        u - +0 ring mail {Will+}
rPois   .            (no helmet)
rElec   .            (no cloak)
rCorr   .            (no gloves)
SInv    .            (no boots)
Will    +....        (no amulet)
Stlth   +            b - ring of wizardry
HPRegen 0.32/turn    r - ring of wizardry
MPRegen 0.12/turn

%: wizardry (x2)
@: flux-form, hasted, glowing, very quick
A: glow, contaminating, (nimble swimmer 2), mertail, fangs 1, fire resistance 2
a: Begin Untransformation, Renounce Religion, Heroism


You were on level 9 of the Dungeon.
You worshipped Okawaru.
Okawaru was aware of your devotion.
You were something dangerously unstable.
You visited 2 branches of the dungeon, and saw 9 of its levels.
You also visited: Sewer.

You collected 499 gold pieces.
You spent 58 gold pieces at shops.

Inventory:

Hand Weapons
 e - a +0 war axe of draining (melded)
Missiles
 j - 30 poisoned darts
 k - 7 boomerangs
Armour
 a - a +0 animal skin
 u - a +0 ring mail of willpower (worn)
Jewellery
 b - a ring of wizardry (left hand)
 r - a ring of wizardry (right hand)
 t - a ring of flight
Talismans
 c - a beast talisman
 d - a flux talisman (active)
Wands
 q - a wand of flame (14)
Scrolls
 g - a scroll of torment
 n - 4 scrolls of teleportation
 o - a scroll of fog
 p - 2 scrolls of brand weapon
 s - 6 scrolls of identify
Potions
 f - a potion of degeneration
 h - a potion of might {unknown}
 i - 3 potions of mutation
 l - 2 potions of haste


   Skills:
 - Level 5.0 Fighting
 - Level 5.0 Dodging
 - Level 10.0 Unarmed Combat
 + Level 2.9 Evocations
 - Level 12.0 Shapeshifting


You had 9 spell levels left.
You didn't know any spells.
Your spell library contained the following spells:

 Spells                   Type           Power      Damage    Failure   Level
 Magic Dart               Conj           0%         1d3       19%         1
 Blink                    Tloc           0%         N/A       28%         2
 Lesser Beckoning         Tloc           0%         N/A       28%         2
 Momentum Strike          Conj/Tloc      0%         3d8       28%         2
 Poisonous Vapours        Pois/Air       0%         N/A       28%         2
 Mephitic Cloud           Conj/Pois/Air  0%         N/A       47%         3
 Freezing Cloud           Conj/Ice/Air   0%         6-21      99%         5
 Lee's Rapid Deconstruct  Erth           0%         3d4*      99%         5
 Call Imp                 Summ           Unusable   N/A       N/A         2
 Animate Armour           Summ/Erth      Unusable   N/A       N/A         4
 Summon Lightning Spire   Summ/Air       Unusable   N/A       N/A         4

Dungeon Overview and Level Annotations

Branches:
Dungeon (9/15)             Temple (1/1) D:7           Sewer (visited)
   Lair: D:8-11         Orc: D:9-12

Altars:
Ashenzari
Cheibriados
Dithmenos
Elyvilon
Fedhas
Gozag
Hepliaklqana
Kikubaaqudgha
Makhleb
Nemelex Xobeh
Okawaru
Ru
Sif Muna
Trog
Vehumet
Wu Jian
Xom
Yredelemnul
Zin
The Shining One

Shops:
D:2 *


Innate Abilities, Weirdness & Mutations

You are something dangerously unstable.
You glow with magical radiation, making you easy to see and hit.
Foes you strike become dangerously contaminated with magical radiation.
You are incapable of wielding weapons or throwing items.
((You are very nimble when in or above water. (Stealth+, EV+, Speed+++)))
Your lower body shifts to a powerful aquatic tail in water.
You have very sharp teeth.
Your flesh is very heat resistant. (rF++)


Message History

You closely miss the killer bee.
You feel sick. The killer bee closely misses you. x2
You miss the killer bee.
You feel sick. The killer bee misses you.
You barely miss the killer bee.
You feel sick.
The killer bee stings you but does no damage.
The killer bee barely misses you.
You punch the killer bee!
The killer bee begins to glow.
The killer bee is heavily wounded.
You feel sick. The killer bee closely misses you.
The killer bee completely misses you.
You barely miss the killer bee.
The killer bee is heavily wounded.
You feel sick. The killer bee closely misses you.
You hit the killer bee but do no damage.
The killer bee glows dangerously bright.
The killer bee is heavily wounded.
You feel sick. The killer bee barely misses you. The killer bee stings you!
* * * LOW HITPOINT WARNING * * *
You hit the killer bee.
The killer bee shudders as magic cascades through it!!
You kill the killer bee!
Okawaru accepts your kill.
You feel sick. The killer bee misses you.
You hit the killer bee.
The killer bee begins to glow.
Your bite misses the killer bee.
The killer bee is lightly wounded.
The killer bee barely misses you.
You hit the killer bee.
The killer bee glows dangerously bright.
The killer bee is moderately wounded.
You feel sick. The killer bee closely misses you. The killer bee stings you!
* * * LOW HITPOINT WARNING * * *
Okay, then.
Okay, then.
Okay, then.
You feel yourself speed up.
You feel sick.
You are no longer poisoned.
The killer bee closely misses you. The killer bee misses you.
The killer bee stings you!
You die...

#..........#
.......
#..#######.#
....... #..#
#.# .......
#..# #.#
~≈..... #..#
#.# .~.....
#..# #.#
....... #..#
#.#
.......#####..#
#.# #[yyB...#
#.# #.####.##
#.# #.# #.# #.#
#.# #.# #.# #.#
#.# #.# #.# #.#
#.# #.# #.# #.#
#.#
#.########.#
#........>.#


You could see 2 killer bees.

Vanquished Creatures
  Erica (D:8)
  The ghost of Maxmaps the Insei, a novice OpSh (D:6)
  Joseph (D:7)
  2 shadows
  4 yaks (D:8)
  2 orc warriors
  5 ogres (D:6)
  A centaur (D:6)
  6 kobold brigands
  6 bullfrogs
  6 killer bees
  A howler monkey (D:8)
  A jelly (D:6)
  An orc priest (D:6)
  2 iguanas
  7 orc wizards
  2 river rats (Sewer)
  8 adders
  A shadow imp (D:6)
  2 white imps
  2 worms
  4 dart slugs
  15 orcs
  11 ball pythons
  9 bats
  12 endoplasms
  4 giant cockroaches
  4 goblins (D:1)
  7 hobgoblins
  6 quokkas
  A frilled lizard (D:2)
  13 kobolds
  10 rats
158 creatures vanquished.

Notes
Turn   | Place    | Note
-------+----------+-------------------------------------------
     0 | D:1      | Newt the Merfolk Shapeshifter began the quest for the Orb.
     0 | D:1      | Reached XP level 1. HP: 15/15 MP: 1/1
    99 | D:1      | Reached XP level 2. HP: 22/22 MP: 2/2
   455 | D:1      | Reached XP level 3. HP: 13/29 MP: 3/3
  1062 | D:2      | Found Naifam's Assorted Antiques.
  1071 | D:2      | Bought a scroll labelled HUHIKHUEHU for 29 gold pieces
  1071 | D:2      | Bought a scroll labelled SAIROO NECH for 29 gold pieces
  1363 | D:2      | Reached XP level 4. HP: 13/35 MP: 4/4
  1586 | D:2      | Reached skill level 5 in Shapeshifting
  2263 | D:3      | Found a white marble altar of Elyvilon.
  2284 | D:3      | Reached XP level 5. HP: 35/41 MP: 5/5
  2496 | D:3      | Gained mutation: Your flesh is heat resistant. (rF+)
                  | [potion of mutation]
  2496 | D:3      | Gained mutation: Your flesh is very heat resistant. (rF++)
                  | [potion of mutation]
  2496 | D:3      | Gained mutation: You have very sharp teeth. [potion of
                  | mutation]
  2526 | D:3      | Reached skill level 6 in Shapeshifting
  2979 | D:4      | You fall into a shaft and drop 2 floors!
  2993 | D:6      | Found a glowing drain.
  3040 | Sewer    | Entered a sewer
  3151 | Sewer    | Noticed a kobold brigand
  3166 | Sewer    | Killed a kobold brigand
  3167 | Sewer    | Reached XP level 6. HP: 31/47 MP: 6/6
  3173 | Sewer    | Reached skill level 7 in Shapeshifting
  3492 | Sewer    | Reached skill level 8 in Shapeshifting
  3590 | Sewer    | Reached XP level 7. HP: 32/52 MP: 7/7
  4067 | D:6      | Reached skill level 9 in Shapeshifting
  4288 | D:6      | Noticed Maxmaps's ghost (novice OpSh)
  4290 | D:6      | Identified the +3 great mace of Ivodghat {spect, rElec rF+}
  4291 | D:6      | Found a transporter.
  4713 | D:6      | Reached skill level 5 in Dodging
  4860 | D:6      | Reached XP level 8. HP: 43/58 MP: 8/8
  4944 | D:6      | Found a broken altar of Ashenzari.
  5060 | D:6      | Reached skill level 5 in Unarmed Combat
  5309 | D:6      | Found a shimmering blue altar of Sif Muna.
  5402 | D:6      | Found a transporter.
  5419 | D:6      | Killed Maxmaps's ghost
  5420 | D:6      | Reached skill level 5 in Fighting
  5427 | D:6      | Reached XP level 9. HP: 63/68 MP: 9/9
  5565 | D:7      | Found a bloodstained altar of Trog.
  5682 | D:7      | Noticed Joseph
  5691 | D:7      | Killed Joseph
  5934 | D:7      | Found a staircase to the Ecumenical Temple.
  6315 | D:7      | Reached skill level 10 in Unarmed Combat
  6323 | D:7      | HP: 2/68 [killer bee (4)]
  6341 | D:7      | HP: 3/68 [iguana (6)]
  6971 | D:8      | Reached skill level 10 in Shapeshifting
  6987 | D:8      | Found a sparkling altar of Nemelex Xobeh.
  7066 | Temple   | Entered the Ecumenical Temple
  7071 | Temple   | Became a worshipper of Warmaster Okawaru
  7156 | D:8      | Reached skill level 11 in Shapeshifting
  7156 | D:8      | Reached XP level 10. HP: 57/74 MP: 10/10
  7162 | D:8      | Reached * piety under Okawaru
  7870 | D:8      | Noticed Erica
  7886 | D:8      | Killed Erica
  7887 | D:8      | Reached skill level 12 in Shapeshifting
  7887 | D:8      | Reached skill level 1 in Evocations
  8418 | D:9      | Slain by a killer bee

Illustrated notes

Levels and vault maps discovered:
D:1:      mrwooster_arrival_arrow, layout_basic, minmay_split_cup_small
D:2:      minmay_alternating_diamond, layout_loops_ring, serial_shops, shop
D:3:      layout_basic, nicolae_overflow_crystal_walls
D:4:      layout_loops_ring, mainiacjoe_overflow_six_doors_small,
          mainiacjoe_overflow_cross_hatched, grunt_decor_fettered,
          hangedman_decor_peaks_small, minmay_diced_spiral
D:6:      layout_basic, kennysheep_orc_sif_temple, kennysheep_little_box,
          gammafunk_ghost_smash, portal_sewer_entry_e
D:7:      layout_cave_pools, mainiacjoe_overflow_catwalk,
          minmay_temple_entry_butterflies, serial_co_window_serial,
          co_window_corner_a, co_window_paths_a, co_window_corner_a,
          co_window_paths_a, co_window_paths_b, co_window_corner_a,
          co_window_paths_b, co_window_corner_b, co_window_2corner,
          co_window_of_opportunity_c, co_window_broadway_b, co_window_2corner,
          co_window_2corner, co_window_corner_b, glass_columns_a,
          glass_columns_a, glass_columns_a, glass_columns_b, glass_columns_c,
          uniq_joseph
D:8:      layout_basic, nemelex_xobeh_ov_fountains_minmay, st_stairs_14,
          uniq_erica
D:9:      layout_basic, lair_entry_dummy, minmay_orc_entry_temple_large,
          serial_shops, nicolae_shop_trees, hex_large
Temple:   minmay_freezing_vapour_temple

Skill      XL: |  1  2  3  4  5  6  7  8  9 10 |
---------------+-------------------------------+-----
Fighting       | 2 3 5 |  5.0
Shapeshifting  | 5 6 8 9 11 12 | 12.0
Dodging        | 5 |  5.0
Unarmed Combat | 4 7 10 | 10.0
Evocations     | 2 |  2.9

Action                     |  1- 3 |  4- 6 |  7- 9 | 10-12 || total
---------------------------+-------+-------+-------+-------++-------
  Melee: War axe           |    78 |    44 |       |       ||   122
         Unarmed           |     7 |   110 |   252 |    73 ||   442
         Punch             |     1 |       |       |       ||     1
         Bite              |       |     9 |    43 |     7 ||    59
         Tailslap          |       |    14 |     3 |       ||    17
    Use: Scroll            |     8 |     2 |     4 |       ||    14
         Potion            |       |     2 |     4 |     1 ||     7
   Stab: Sleeping          |       |     3 |       |       ||     3
 Armour: Animal skin       |    20 |    17 |    14 |       ||    51
         Skin              |       |    40 |       |       ||    40
         Ring mail         |       |       |    21 |    13 ||    34
  Dodge: Dodged            |    67 |   113 |   163 |    56 ||   399
   Form: Flux              |       |     1 |       |       ||     1

Table legend: (Time is in decaauts)
 A = Elapsed time spent in this place.
 B = Non-inter-level travel time spent in this place.
 C = Inter-level travel time spent in this place.
 D = Time resting spent in this place.
 E = Time spent auto-exploring this place.
 F = Levels seen in this place.
 G = Mean time per level.
                   A        B        C        D        E       F      G
               +--------+--------+--------+--------+--------+-----+--------+
         Total |   8268 |   8037 |    231 |   2093 |   4791 |  10 |  826.8 |
       Dungeon |   7622 |   7397 |    225 |   1976 |   4450 |   8 |  952.8 |
        Temple |     10 |      5 |      5 |      0 |      0 |   1 |   10.0 |
         Sewer |    635 |    635 |      0 |    117 |    341 |   1 |  635.0 |
               +--------+--------+--------+--------+--------+-----+--------+

Top non-repeatable levels by time:
     D:6: 1771 daAuts
     D:7: 1451 daAuts
     D:8: 1231 daAuts
     D:2: 1049 daAuts
     D:1: 968 daAuts
     D:3: 939 daAuts
   Sewer: 635 daAuts
     D:9: 130 daAuts
     D:4: 80 daAuts
  Temple: 10 daAuts
